 Dungeon Crawl Stone Soup version 0.24.0-123-gd5b16e6ec5 (webtiles) character file.

Game seed: 1143625748135695872, levelgen mode: deterministic

30 Chiseanne the Chucker (level 3, 0/18 HPs)
             Began as a Spriggan Hunter on Jan 17, 2020.
             Succumbed to an adder's poison
             ... on level 2 of the Dungeon.
             The game lasted 00:04:53 (672 turns).

Chiseanne the Chucker (Spriggan Hunter)              Turns: 672, Time: 00:04:53

Health: 0/18       AC:  2    Str:  8    XL:     3   Next: 3%
Magic:  4/4        EV: 19    Int: 12    God:
Gold:   94         SH:  0    Dex: 17    Spells: 2/2 levels left

rFire    + . .     SeeInvis +   a - +0 short sword
rCold    + + .     Gourm    +   (shield restricted)
rNeg     . . .     Faith    .   b - +0 robe
rPois    +         Spirit   .   (helmet restricted)
rElec    +         Reflect  .   (no cloak)
rCorr    +         Harm     .   (gloves unavailable)
MR       .....                  (boots unavailable)
Stlth    ++........             h - amulet of the gourmand
HPRegen  0.06/turn              m - ring of protection from cold
MPRegen  0.09/turn              (no ring)

@: lethally poisoned (0 -> -6), resistant, very quick
A: very small, unfitting armour, see invisible, herbivore, speed 3, slow
metabolism 2
a: no special abilities


You were on level 2 of the Dungeon.
You were not hungry.

You visited 1 branch of the dungeon, and saw 2 of its levels.

You collected 94 gold pieces.

Inventory:

Hand Weapons
 a - a +0 short sword (weapon)
Missiles
 c - 10 boomerangs (quivered)
 d - 2 throwing nets
 g - 4 stones
Armour
 b - a +0 robe (worn)
Jewellery
 h - an amulet of the gourmand (around neck)
 m - a ring of protection from cold (left hand)
Scrolls
 n - 3 scrolls of identify
 o - a scroll of teleportation
Potions
 e - a potion of magic
Comestibles
 f - 2 rations


   Skills:
 - Level 1.5 Fighting
 * Level 1.2 Short Blades
 * Level 4.2 Throwing
 * Level 3.6 Dodging
 * Level 2.6 Stealth


You had 2 spell levels left.
You didn't know any spells.
Your spell library was empty.

Dungeon Overview and Level Annotations

Branches:
Dungeon (2/15)

Altars:


Innate Abilities, Weirdness & Mutations

You are very small and have problems with some larger weapons.
You are too small for most types of armour.
You have supernaturally acute eyesight. (SInv)
You are a herbivore.
You cover ground extremely quickly.
You need to consume almost no food.


Message History

You feel sick.
You hit the adder.
You kill the adder!
You have reached level 3!
Your experience leads to an increase in your attributes!
Increase (S)trength, (I)ntelligence, or (D)exterity?
You feel agile.
There is a lethal amount of poison in your body!
It was a potion of magic.
Magic courses through your body.
It was a potion of resistance.
You feel protected.
* * * LOW HITPOINT WARNING * * *
You feel sick.
m - a ring of protection from cold (left hand) After a brief, frighteningly intense craving, your appetite remains unchanged.
h - an amulet of the gourmand (around neck)
Your magical contamination has completely faded away.
Okay, then.
You see here an adder corpse.
You die...

... ... ... #..[
##.....##... .#....".+...
########
.#......#...##...#.<
.#.#......#..#.#@#.#
.....##...##.#.#.#.##
8...8!........$#††..#
..........##...######
..<...8.#.##...#
.......##.##...######+####
8...8......+.........>...#
...)..#.#.##....##.......#
#.#...# #.##....##.......#


There were no monsters in sight!

Vanquished Creatures
  An adder (D:2)
  A dart slug (D:1)
  A ball python (D:1)
  A giant cockroach (D:1)
  3 goblins
  A hobgoblin (D:1)
  3 kobolds
  A quokka (D:2)
  3 bats
  2 frilled lizards
  2 rats (D:1)
19 creatures vanquished.

Notes
Turn   | Place    | Note
-------+----------+-------------------------------------------
     0 | D:1      | Chiseanne the Spriggan Hunter began the quest for the Orb.
     0 | D:1      | Reached XP level 1. HP: 10/10 MP: 2/2
   231 | D:1      | Reached XP level 2. HP: 14/14 MP: 3/3
   461 | D:1      | Reached skill level 1 in Short Blades
   665 | D:2      | Reached XP level 3. HP: 1/18 MP: 4/4
   672 | D:2      | Succumbed to an adder's poison

Levels and vault maps discovered:
D:1:      matt_arrival_diagonals, layout_basic, minmay_quantized
D:2:      layout_basic, grunt_ministairs_2, mrwooster_statue_mirror,
          kennysheep_generic_room_16

Skill      XL: |  1  2 |
---------------+-------+-----
Stealth        | 2 |  2.6
Short Blades   | 1 |  1.2
Fighting       | |  1.5
Throwing       | |  4.2
Dodging        | |  3.6

Action                   || total
-------------------------++-------
Melee: Short sword       ||    84
  Use: Scroll            ||     5
       Potion            ||     2
 Stab: Sleeping          ||     2
Armor: Robe              ||     6
Dodge: Dodged            ||    80
